 Dungeon Crawl Stone Soup version 0.28-a0-895-g6e5f11bd55 (webtiles) character file.

Game seed: 3028978851623157405

3 vurker the Gusty (level 1, 0/14 HPs)
             Began as a Demigod Air Elementalist on Nov 23, 2021.
             Frozen to death by an endoplasm (2 damage)
             ... on level 1 of the Dungeon.
             The game lasted 00:00:21 (161 turns).

vurker the Gusty (Demigod Air Elementalist)          Turns: 161, Time: 00:00:21

Health: 0/14       AC:  3    Str:  9    XL:     1   Next: 33%
Magic:  0/5        EV: 12    Int: 17    God:
Gold:   5          SH:  0    Dex: 14    Spells: 2/3 levels left

rFire   . . .      SeeInvis .   (no weapon)
rCold   . . .      Faith    .   (no shield)
rNeg    . . .      Spirit   .   a - +0 robe
rPois   .          Reflect  .   (no helmet)
rElec   .          Harm     .   (no cloak)
rCorr   .          Rampage  .   c - +0 pair of gloves
Will    .....                   (no boots)
Stlth   ++........              (no amulet)
HPRegen 0.04/turn               (no ring)
MPRegen 0.09/turn               (no ring)

@: very slightly contaminated
A: high mp 1, forlorn
a: no special abilities


You were on level 1 of the Dungeon.
You visited 1 branch of the dungeon, and saw 1 of its levels.

You collected 5 gold pieces.

Inventory:

Armour
 a - a +0 robe (worn)
 c - a +0 pair of gloves (worn)
   (You found it on level 1 of the Dungeon)
Scrolls
 b - a scroll of silence {unknown}
 d - a scroll of teleportation {unknown}


   Skills:
 + Level 0.1 Fighting
 - Level 1.7 Dodging
 - Level 1.7 Stealth
 * Level 1.8 Spellcasting
 + Level 0.9 Conjurations
 * Level 2.7 Air Magic


You had 2 spell levels left.
You knew the following spells:

 Your Spells              Type           Power      Damage    Failure   Level
a - Shock                 Conj/Air       32%        1d5       9%          1

Your spell library contained the following spells:

 Spells                   Type           Power      Damage    Failure   Level
 Static Discharge         Conj/Air       8%         N/A       14%         2
 Swiftness                Air            11%        N/A       19%         3
 Airstrike                Air            5%         N/A       52%         4


Dungeon Overview and Level Annotations

Branches:
Dungeon (1/15)


Innate Abilities, Weirdness & Mutations

Your attributes grow dramatically as you level up.
You have an increased reservoir of magic. (+10% MP)
You shall have no god before yourself.


Message History

Aim: a kobold, wielding a +0 dagger (severely wounded, 60% to hit)
The zap hits the kobold.
You kill the kobold!
An endoplasm comes into view.
Aim: an endoplasm (wandering, hasn't noticed you, 97% to hit)
You miscast Shock.
You are very lightly contaminated with residual magic.
Nothing appears to happen.
The endoplasm quivers.
An endoplasm is nearby!
An endoplasm is nearby!
You don't have enough magic to cast this spell.
An endoplasm is nearby!
You don't have enough magic to cast this spell.
You don't have enough magic to cast this spell.
A hobgoblin comes into view.
The hobgoblin shouts!
You hit the endoplasm but do no damage. The endoplasm closely misses you.
You hit the endoplasm but do no damage. The endoplasm hits you.
You barely miss the endoplasm. The endoplasm freezes you.
You are frozen.
Your magical contamination has completely faded away.
You hit the endoplasm but do no damage. The endoplasm freezes you.
You are frozen.
The hobgoblin misses you.
Aim: an endoplasm (97% to hit)
You miscast Shock.
You are very lightly contaminated with residual magic.
Nothing appears to happen.
The endoplasm freezes you.
You are frozen.
* * * LOW HITPOINT WARNING * * *
You hit the endoplasm. The endoplasm closely misses you.
You hit the endoplasm.
The endoplasm jiggles.
The endoplasm freezes you.
You are frozen.
* * * LOW HITPOINT WARNING * * *
You hit the endoplasm but do no damage. The endoplasm barely misses you.
You hit the endoplasm but do no damage. The endoplasm misses you.
You hit the endoplasm but do no damage. The endoplasm freezes you.
You are frozen.
* * * LOW HITPOINT WARNING * * *
Aim: an endoplasm (heavily wounded, 97% to hit)
You miscast Shock.
Nothing appears to happen.
The endoplasm freezes you.
You are frozen.
You die...

.# .# #### .##
######### #.. ..
#.......# #.# .#
#.......# ##.###.##
#.......###..##...##
#............@Jg...#
#.......###..##...##
#.†(....# ##.###).....
#.......## #... .....#
####.#......####.#####
##.#.####. +#
#....####. #.#.....#.
#....##.#


You could see an endoplasm and a hobgoblin.

Vanquished Creatures
  A kobold (D:1)
  2 bats (D:1)
3 creatures vanquished.

Notes
Turn   | Place    | Note
-------+----------+-------------------------------------------
     0 | D:1      | vurker the Demigod Air Elementalist began the quest for the
                  | Orb.
     0 | D:1      | Reached XP level 1. HP: 14/14 MP: 5/5
   161 | D:1      | Frozen to death by an endoplasm

Illustrated notes

Levels and vault maps discovered:
D:1:      dpeg_arrival_long_road, layout_loops_corners,
          hellmonk_ecumenical_altar_heavens_door, grunt_decor_one_mirror,
          minmay_hedge_maze

Action                   || total
-------------------------++-------
Melee: Unarmed           ||     9
 Cast: Shock             ||     9
Armor: Robe              ||     1
Dodge: Dodged            ||     5

Table legend: (Time is in decaauts)
 A = Elapsed time spent in this place.
 B = Non-inter-level travel time spent in this place.
 C = Inter-level travel time spent in this place.
 D = Time resting spent in this place.
 E = Time spent auto-exploring this place.
 F = Levels seen in this place.
 G = Mean time per level.
                   A        B        C        D        E       F      G
               +--------+--------+--------+--------+--------+-----+--------+
         Total |    161 |    161 |      0 |      0 |    116 |   1 |  161.0 |
       Dungeon |    161 |    161 |      0 |      0 |    116 |   1 |  161.0 |
               +--------+--------+--------+--------+--------+-----+--------+

Top non-repeatable levels by time:
     D:1: 161 daAuts
